 Dungeon Sprint DCSS version 0.17-a0-1570-g74b7129 (webtiles) character file.

408 tt080 the Carver (level 6, -6/63 HPs)
             Began as a Deep Dwarf Berserker on July 23, 2015.
             Was an Elder of Trog.
             Mangled by a hill giant
             ... wielding a +0 giant club
              (35 damage)
             ... in the Dungeon (Sprint IX: "|||||||||||||||||||||||||||||").
             The game lasted 00:01:55 (187 turns).

tt080 the Carver (Deep Dwarf Berserker)              Turns: 187, Time: 00:01:56

Health: -6/63      AC:  3    Str: 20    XL:     6   Next: 57%
Magic:  6/6        EV: 18    Int: 11    God:    Trog [****..]
Gold:   0          SH:  0    Dex: 14    Spells: 0 memorised, 5 levels left

rFire  . . .     SeeInvis .     n - +2 scimitar (flame)
rCold  . . .     Clarity  .     b - +0 animal skin
rNeg   . . .     SustAt   .     (no shield)
rPois  .         Gourm    .     (no helmet)
rElec  .         Spirit   .     o - +0 cloak
rCorr  .         Warding  .     (no gloves)
rMut   .         NoTele   +     (no boots)
MR     .....                    (no amulet)
Stlth  +.........               q - +3 ring of intelligence
                                p - +2 ring of evasion

@: exhausted, non-regenerating, slowed, very slow, not resistant to hostile
enchantments, very unstealthy
A: damage resistance, recharge devices, sense surroundings 1, slow healing 3
a: Device Recharging, Burn Spellbooks, Berserk, Trog's Hand, Brothers in Arms,
Renounce Religion


You were in the Dungeon.
You worshipped Trog.
Trog was greatly pleased with you.
You were hungry.

You visited 1 branch

Inventory:

Hand weapons
 a - a +0 falchion
 n - a +2 scimitar of flaming (weapon)
Armour
 b - a +0 animal skin (worn)
 o - a +0 cloak (worn)
Jewellery
 p - a +2 ring of evasion (left hand)
 q - a +3 ring of intelligence (right hand)
Magical devices
 c - a wand of heal wounds (5)
 m - a wand of draining (7)
Scrolls
 j - 2 scrolls of blinking
 l - 3 scrolls of remove curse
Potions
 e - 5 potions of curing
 f - a potion of invisibility
 g - a potion of haste
 h - 4 potions of magic
 i - a potion of berserk rage
 k - 2 potions of heal wounds
Comestibles
 d - a bread ration
 r - 5 chunks of flesh


   Skills:
 + Level 6.5 Fighting
 * Level 9.6 Long Blades
 + Level 7.1 Armour
 + Level 7.1 Dodging


You had 5 spell levels left.
You didn't know any spells.

Dungeon Overview and Level Annotations

Branches:
Dungeon (1/1)

Altars:
Cheibriados
Dithmenos
Elyvilon
Fedhas
Gozag
Kikubaaqudgha
Makhleb
Nemelex Xobeh
Okawaru
Qazlal
Ru
Sif Muna
Trog
Vehumet
Xom
Yredelemnul
Zin
The Shining One
Beogh
Jiyva
Lugonu


Innate Abilities, Weirdness & Mutations

You are resistant to damage.
You can recharge devices by infusing magical energy.
You passively map a small area around you.
You do not heal naturally.


Message History

You feel yourself slow down.
You are feeling very hungry.
Your skin stops crawling.
You feel less resistant to hostile enchantments.
You are no longer corroded.
Eat one of 6 chunks of flesh? (ye/n/q/i?) This raw flesh tastes terrible.
You continue eating. x2
You open the door.
A mottled dragon, a sky beast, an orc, a hill giant, a zombie and a skeleton come into view.
Unknown command.
You are feeling hungry.
The hill giant shouts!
The sky beast flickers out of sight!
Deactivating autopickup; reactivate with Ctrl-A.
A sky beast appears from thin air!
Reactivating autopickup.
The hill giant hits you with a giant club!!!
Ouch! That really hurt!
You die...

▓)▓ ,
▓[▓ *
, ▓.▓
▓[▓ ,
∩
▓.▓,*
,
▓.▓,
,
▓'▓,
,*
▓÷▓
▓@▓
*, *
▓C▓,
, ▓D▓
, ▓.▓
*
▓o▓,
▓Y▓,
, ▓§▓
,*,
▓Z▓ +
▓.▓,
, *


You could see a hill giant, a mottled dragon, a sky beast, an orc and a giant
gecko skeleton.

Vanquished Creatures
  A yak (D)
  A phantom (D)
  A giant frog (D)
  A crimson imp (D)
  A jelly (D)
  A hound (D)
  An adder (D)
  A worm (D)
  A bat skeleton (D)
  A goblin (D)
  A hobgoblin (D)
  A kobold (D)
  A quokka (D)
  2 bats (D)
  A rat (D)
16 creatures vanquished.

Notes
Turn   | Place    | Note
--------------------------------------------------------------
     0 | D        | tt080 the Deep Dwarf Berserker began the quest for the Orb.
     0 | D        | Reached XP level 1. HP: 20/20 MP: 1/1
    10 | D        | Acquired Trog's second power
    26 | D        | Noticed a phantom
    26 | D        | Noticed a crimson imp
    28 | D        | Reached skill level 4 in Long Blades
    32 | D        | Reached XP level 2. HP: 25/28 MP: 2/2
    38 | D        | Killed a crimson imp
    38 | D        | Reached skill level 5 in Long Blades
    38 | D        | Reached XP level 3. HP: 15/36 MP: 3/3
    94 | D        | Killed a phantom
    94 | D        | Reached skill level 5 in Fighting
    94 | D        | Reached skill level 7 in Long Blades
    94 | D        | Reached skill level 5 in Armour
    94 | D        | Reached skill level 5 in Dodging
    94 | D        | Reached XP level 4. HP: 28/46 MP: 4/4
    94 | D        | Reached XP level 5. HP: 31/52 MP: 5/5
   110 | D        | Found a glowing silver altar of Zin.
   110 | D        | Found a glowing golden altar of the Shining One.
   110 | D        | Found an ancient bone altar of Kikubaaqudgha.
   110 | D        | Found a basalt altar of Yredelemnul.
   110 | D        | Found a shimmering altar of Xom.
   110 | D        | Found a radiant altar of Vehumet.
   111 | D        | Found an iron altar of Okawaru.
   112 | D        | Found a burning altar of Makhleb.
   113 | D        | Found a deep blue altar of Sif Muna.
   114 | D        | Found a bloodstained altar of Trog.
   115 | D        | Found a sparkling altar of Nemelex Xobeh.
   116 | D        | Found a white marble altar of Elyvilon.
   117 | D        | Found a roughly hewn altar of Beogh.
   118 | D        | Found a viscous altar of Jiyva.
   119 | D        | Found a corrupted altar of Lugonu.
   120 | D        | Found a blossoming altar of Fedhas.
   121 | D        | Found a snail-covered altar of Cheibriados.
   122 | D        | Found a shadowy altar of Dithmenos.
   123 | D        | Found a stormy altar of Qazlal.
   124 | D        | Found an opulent altar of Gozag.
   125 | D        | Found a sacrificial altar of Ru.
   160 | D        | Noticed a jelly
   160 | D        | Noticed a giant frog
   160 | D        | Noticed a yak
   160 | D        | Noticed a hound
   163 | D        | Killed a jelly
   164 | D        | Killed a giant frog
   164 | D        | Acquired Trog's third power
   164 | D        | Reached skill level 8 in Long Blades
   168 | D        | Killed a yak
   168 | D        | Reached skill level 9 in Long Blades
   168 | D        | Reached XP level 6. HP: 36/63 MP: 6/6
   169 | D        | Killed a hound
   183 | D        | Noticed a hill giant
   183 | D        | Noticed a mottled dragon
   183 | D        | Noticed a sky beast
   187 | D        | Mangled by a hill giant

Vault maps used:
D:        linesprint

Action                   |  1- 3 |  4- 6 || total
-------------------------+-------+-------++-------
Melee: Falchion          |    52 |       ||    52
       Scimitar          |       |     8 ||     8
Invok: Berserk           |     2 |     1 ||     3
       Trog's Hand       |     2 |     1 ||     3
  Use: Potion            |     1 |       ||     1
  Eat: Chunk             |       |     1 ||     1
